Map: Triton LE

Players

llllllllll

  • Race: Protoss Protoss
  • League: Master
  • Spawn Location: 11:00

Mez - Winner!

  • Race: Terran Terran
  • League: Master
  • Spawn Location: 5:00

VOD

Have the link to the VOD?

Description

Time

  • Played on: Aug. 21, 2019, 10:25 p.m.
  • Length: 14:40
Show
View Real Time Build Order
Export as new Build Order

llllllllll Protoss 

Build Orders: 1 Gate Expand, Double Forge, Blink Stalkers 

Get SALT Encoding   

  12  0:01  Probe  
  13  0:13  Probe  
  14  0:17  Pylon  
  14  0:25  Probe  
  15  0:33  Probe  
  15  0:42  Gateway, Probe  
  16  0:47  Assimilator  
  17  0:52  Probe  
  18  1:04  Probe  
  19  1:16  Probe  
  20  1:34  Cybernetics Core  
  20  1:38  Nexus  
  20  1:45  Pylon  
  20  1:48  Probe  
  20  1:52  Assimilator  
  21  1:56  Probe  
  21  2:00  Adept  
  22  2:04  Probe  
  22  2:11  Warp Gate  
  22  2:14  Probe  
  25  2:21  Twilight Council  
  26  2:26  Probe  
  27  2:34  Stalker  
  29  2:38  Probe  
  29  2:39  Blink  
  29  2:48  Probe  
  29  2:51  Probe  
  30  2:56  Probe  
  31  3:03  Probe  
  33  3:06  Probe  
  33  3:08  Stalker  
  36  3:15  Probe  
  37  3:20  Gateway  
  37  3:23  Gateway  
  37  3:25  Probe  
  38  3:28  Probe  
  39  3:37  Robotics Facility  
  39  3:38  Probe  
  40  3:42  Pylon  
  40  3:46  Probe  
  41  3:50  Probe  
  42  3:56  Pylon  
  42  3:58  Probe  
  42  4:02  Stalker  
  45  4:04  Probe  
  45  4:06  Assimilator  
  46  4:10  Probe  
  46  4:16  Probe  
  48  4:18  Stalker x2  
  48  4:20  Observer  
  48  4:23  Probe  
  53  4:29  Stalker  
  56  4:35  Probe  
  56  4:36  Pylon, Probe  
  58  4:42  Nexus  
  58  4:44  Observer  
  59  4:54  Forge x2  
  59  4:58  Pylon  
  59  5:02  Probe x2  
  59  5:04  Protoss Ground Armor Level 1  
  61  5:07  Protoss Ground Weapons Level 1, Stalker  
  61  5:08  Observer  
  64  5:20  Gateway  
  64  5:21  Gateway  
  64  5:24  Charge  
  64  5:26  Gateway x2, Probe  
  64  5:36  Probe  
  64  5:38  Probe  
  66  5:46  Observer  
  67  5:58  Probe x2  
  67  6:01  Probe  
  67  6:02  Pylon  
  67  6:03  Sentry, Stalker x2  
  76  6:05  Observer  
  76  6:06  Pylon  
  76  6:09  Immortal  
  76  6:10  Probe x2  
  78  6:13  Probe  
  78  6:14  Pylon  
  79  6:22  Probe  
  79  6:24  Pylon  
  78  6:36  Probe x3  
  78  6:38  Gateway  
  81  6:40  Gateway  
  81  6:44  Gateway  
  81  6:48  Probe  
  81  6:50  Assimilator  
  81  6:51  Warp Prism  
  81  6:52  Sentry, Assimilator  
  81  6:54  Stalker x2  
  88  6:59  Protoss Ground Weapons Level 2  
  88  7:00  Probe x3  
  93  7:02  Protoss Ground Armor Level 2  
  93  7:03  Pylon  
  93  7:04  Zealot  
  93  7:05  Zealot  
  97  7:12  Probe  
  98  7:19  Zealot x3  
  98  7:20  Zealot x2  
  98  7:22  Pylon  
  108  7:23  Immortal  
  108  7:25  Pylon  
  112  7:39  Pylon  
  112  7:40  Pylon  
  112  7:43  Probe  
  113  7:54  Zealot x2  
  113  7:55  Zealot, Sentry  
  113  7:56  Nexus  
  113  7:57  Pylon  
  117  8:03  Observer  
  116  8:09  Zealot  
  116  8:10  Observer, Zealot x3  
  116  8:11  Stalker  
  126  8:18  Zealot  
  126  8:19  Zealot x4  
  136  8:20  Probe  
  136  8:24  Probe x2  
  136  8:26  Photon Cannon  
  129  8:28  Probe  
  130  8:36  Probe  
  130  8:37  Zealot x2  
  130  8:38  Zealot x2  
  129  8:57  Templar Archives  
  129  9:01  Immortal, Sentry  
  129  9:02  Pylon, Stalker x5  
  145  9:17  Zealot  
  145  9:23  Zealot x3  
  153  9:28  Protoss Ground Weapons Level 3, Protoss Ground Armor Level 3  
  147  9:35  High Templar x5  
  147  9:36  Warp Prism, Zealot  
  145  9:42  Archon x2  
  127  9:57  Zealot x4  
  127  9:58  Zealot  
  119  10:07  Probe x2  
  119  10:08  Probe x2  
  119  10:12  Psionic Storm  
  113  10:19  Probe  
  102  10:31  Probe x2  
  102  10:33  Zealot x2  
  102  10:34  Zealot x6  
  102  10:35  Zealot  
  122  10:43  Probe x2  
  122  10:53  Sentry x2  
  122  10:54  Sentry  
  122  10:55  Zealot x3  
  134  11:01  Zealot x4  
  101  11:19  Zealot, High Templar x3  
  101  11:20  Zealot x2  
  111  11:26  Immortal, Probe  
  111  11:27  Probe x2  
  114  11:33  High Templar  
  118  11:40  Zealot, Stalker x2  
  118  11:41  Zealot x3  
  130  11:52  Nexus  
  130  11:53  Pylon, Robotics Facility  
  130  11:57  Pylon, Probe  
  130  11:58  Probe  
  130  11:59  Assimilator  
  132  12:02  Zealot  
  132  12:03  Pylon  
  132  12:04  Assimilator, Stalker x2  
  132  12:06  Immortal  
  138  12:18  Stalker x2  
  138  12:19  Stalker x2  
  138  12:22  Zealot x2  
  146  12:36  Archon  
  126  12:41  Zealot x2  
  126  12:42  Zealot x6  
  122  12:55  Stalker  
  122  12:56  Stalker  
  117  13:00  Probe  
  117  13:01  Probe x3  
  117  13:04  Immortal  
  117  13:11  High Templar x2  
  121  13:13  Probe x3  
  122  13:22  High Templar  
  122  13:24  Sentry  
  122  13:25  Zealot x4  
  134  13:32  Immortal  
  138  13:38  Stalker  
  134  13:43  Stalker  
  134  13:44  Stalker  
  127  13:50  Probe x2  
  129  14:02  Photon Cannon  
  128  14:12  High Templar x4  
  135  14:18  Archon x2  
  135  14:24  Archon  
  133  14:27  Zealot x3  
  133  14:28  Zealot  
  111  14:34  Zealot x2  
Show
View Real Time Build Order
Export as new Build Order

Mez Terran - Winner!

Build Orders: Reaper Expand 

Get SALT Encoding   

  12  0:00  SCV  
  13  0:12  SCV  
  14  0:18  Supply Depot  
  14  0:25  SCV  
  15  0:40  SCV  
  15  0:41  Barracks  
  16  0:46  Refinery  
  16  0:52  SCV  
  17  1:04  SCV  
  18  1:17  SCV  
  19  1:29  Orbital Command, Reaper  
  20  1:48  Command Center  
  20  1:57  SCV  
  20  1:58  Bunker  
  20  2:01  Marine  
  22  2:11  Supply Depot, SCV  
  23  2:21  Barracks Reactor  
  23  2:32  SCV  
  24  2:44  Command Center, SCV  
  24  2:50  Factory  
  25  2:59  Marine x2  
  25  3:02  Orbital Command  
  27  3:08  SCV  
  28  3:17  Refinery  
  28  3:18  Marine x2  
  30  3:20  SCV  
  31  3:30  SCV  
  31  3:32  SCV  
  33  3:35  Widow Mine  
  33  3:36  Starport  
  33  3:40  Marine x2  
  37  3:42  SCV  
  37  3:44  SCV  
  39  3:54  SCV  
  40  3:56  SCV, Factory Tech Lab  
  40  4:00  Marine x2  
  43  4:06  SCV  
  43  4:08  SCV  
  45  4:10  Orbital Command, Refinery  
  45  4:14  Starport Tech Lab  
  45  4:16  Supply Depot  
  45  4:18  SCV  
  45  4:20  Siege Tank  
  45  4:21  SCV  
  45  4:24  Marine x2  
  51  4:30  SCV  
  53  4:33  SCV  
  54  4:41  Raven, Marine  
  54  4:42  Marine  
  54  4:45  Supply Depot, Barracks  
  58  4:46  Barracks  
  58  4:51  SCV x2  
  58  4:52  SCV  
  61  4:56  Refinery  
  61  5:01  Marine x2  
  61  5:02  Siege Tank  
  61  5:04  SCV x2  
  68  5:10  SCV  
  69  5:16  SCV  
  69  5:19  Engineering Bay  
  70  5:22  Supply Depot, Engineering Bay  
  70  5:23  SCV x2  
  70  5:28  SCV  
  73  5:33  Starport Reactor  
  73  5:38  Barracks  
  73  5:40  Barracks  
  73  5:47  Factory Reactor  
  73  5:48  Marauder, Marine x2  
  73  5:49  Stimpack  
  77  5:51  Combat Shield  
  77  5:54  Terran Infantry Armor Level 1, Terran Infantry Weapons Level 1  
  77  5:56  Orbital Command  
  77  5:57  Supply Depot  
  77  5:58  SCV x2  
  77  6:00  Supply Depot  
  79  6:10  SCV  
  79  6:11  SCV  
  81  6:20  Marauder x2, Marine x2  
  81  6:21  Medivac  
  81  6:22  Medivac, SCV  
  81  6:23  SCV x2  
  91  6:36  Barracks Tech Lab, Barracks Reactor  
  91  6:38  Widow Mine, Marine  
  91  6:39  Widow Mine, SCV x3  
  99  6:41  Marauder  
  99  6:42  Refinery  
  99  6:43  Supply Depot  
  99  6:46  Supply Depot  
  101  6:49  Marauder  
  103  6:57  SCV x2  
  103  7:00  Medivac  
  103  7:01  Medivac  
  109  7:04  Marine x2  
  109  7:05  Marauder x2, SCV  
  109  7:08  Widow Mine x2  
  120  7:09  SCV  
  120  7:10  Marine  
  120  7:11  Supply Depot  
  120  7:13  Supply Depot x2  
  122  7:16  Concussive Shells  
  122  7:17  Supply Depot  
  122  7:18  Marine x2  
  122  7:21  SCV  
  122  7:22  Armory  
  125  7:33  Marauder, SCV  
  128  7:42  Marine  
  128  7:43  Marauder x2, Marine x3  
  136  7:47  Supply Depot  
  136  7:48  Supply Depot  
  136  7:51  Medivac x2  
  140  7:52  Ghost Academy  
  140  7:55  Starport  
  138  8:00  Marauder, Marine x2  
  138  8:02  Marine x2  
  138  8:04  Marauder, Marine  
  147  8:16  SCV x3  
  147  8:18  Marine x2  
  152  8:22  Marauder  
  151  8:28  SCV  
  147  8:36  Marauder x2, Marine x2  
  147  8:38  Starport Tech Lab  
  147  8:40  Viking x2  
  156  8:43  Marauder  
  155  8:54  SCV x3  
  158  9:02  Refinery  
  158  9:06  SCV  
  158  9:08  Command Center  
  159  9:18  Supply Depot  
  159  9:30  Marauder  
  159  9:31  Marauder x2  
  165  9:35  Marine  
  165  9:37  Marine  
  165  9:38  Marine x2  
  143  9:54  Marine  
  141  10:01  Marine  
  141  10:02  Medivac, Barracks, Marine  
  141  10:03  Marauder, Barracks  
  141  10:04  Marauder, Barracks  
  141  10:05  Marauder, Medivac  
  140  10:08  Marine  
  140  10:09  Medivac  
  140  10:12  Marine  
  136  10:18  Liberator  
  136  10:19  Marine  
  136  10:20  Marine  
  137  10:22  Liberator  
  137  10:24  Ghost x2  
  137  10:25  Marine  
  137  10:26  Ghost  
  136  10:32  Medivac  
  141  10:38  SCV x3  
  147  10:44  Liberator  
  147  10:50  SCV x3  
  147  10:52  Ghost  
  147  10:56  Planetary Fortress  
  152  10:59  Barracks Tech Lab  
  152  11:00  Barracks Tech Lab x2  
  134  11:11  Liberator x2  
  134  11:17  Marauder x2, Marine x4  
  142  11:21  Marauder  
  144  11:26  SCV x3  
  153  11:33  Starport  
  153  11:38  Marauder, SCV  
  156  11:48  Enhanced Shockwaves  
  156  11:49  Terran Infantry Weapons Level 2  
  156  11:50  Terran Infantry Armor Level 2  
  156  12:15  Liberator x2  
  156  12:16  Liberator  
  156  12:19  Supply Depot  
  156  12:20  Supply Depot  
  156  12:21  Supply Depot  
  156  12:23  Supply Depot x2  
  156  12:26  Marine x3  
  156  12:27  Marine x2  
  156  12:30  Marine x2  
  156  12:32  Marauder, Marine x2  
  154  12:43  Marine x2  
  152  12:44  Marauder  
  152  12:45  Marauder, Marine  
  152  12:47  Marine x2, SCV x3  
  152  12:50  Marine x2  
  162  12:52  Refinery, Marine  
  162  12:54  Refinery  
  162  12:57  Command Center  
  162  12:58  Liberator x2  
  162  12:59  Liberator, SCV x3  
  165  13:11  SCV x2  
  172  13:30  Ghost x4, Marine  
  172  13:31  Marine x2  
  183  13:46  SCV x3  
  183  14:02  Ghost x2  
  196  14:08  Starport Tech Lab, Marine x4  
  200  14:11  Marine x3  
Tags
 
Add a new tag
Caveats
  • Supply blocks, unpowered buildings, or Contaminate may cause inaccurate times.
  • Supply counts are checked every 10 seconds.